 Dungeon Crawl Stone Soup version 0.24-a0-67-ga78bd38 (webtiles) character file.

Game seed: 4785838222486360111

142 Dantiko the Skirmisher (level 5, -8/59 HPs)
             Began as an Ogre Warper on Feb 5, 2019.
             Mangled by Crazy Yiuf
             ... wielding a +2 quarterstaff of chaos
              (20 damage)
             ... on level 2 of the Dungeon.
             The game lasted 00:04:33 (1877 turns).

Dantiko the Skirmisher (Ogre Warper)                Turns: 1877, Time: 00:04:35

Health: -8/59      AC: 11    Str: 19    XL:     5   Next: 25%
Magic:  8/8        EV:  5    Int: 14    God:
Gold:   85         SH:  0    Dex:  9    Spells: 4/8 levels left

rFire    . . .     SeeInvis .   a - +0 mace
rCold    . . .     Gourm    .   (no shield)
rNeg     . . .     Faith    .   c - +0 shadow dragon scales
rPois    .         Spirit   .   (helmet restricted)
rElec    .         Reflect  .   h - scarf {repulsion}
rCorr    .         Harm     .   (gloves unavailable)
MR       .....                  (boots unavailable)
Stlth    ++........             (no amulet)
HPRegen  0.19/turn              g - +4 ring of strength
MPRegen  0.11/turn              (no ring)

@: lightly drained, repel missiles
A: large, unfitting armour, tough skin 1
a: no special abilities


You were on level 2 of the Dungeon.
You were hungry.

You visited 1 branch of the dungeon, and saw 2 of its levels.

You collected 85 gold pieces.

Inventory:

Hand Weapons
 a - a +0 mace (weapon)
Missiles
 e - 5 tomahawks of dispersal (quivered)
 p - 7 tomahawks
 q - 5 tomahawks of returning
Armour
 c - +0 shadow dragon scales (worn)
 h - a scarf of repulsion (worn)
Jewellery
 g - a +4 ring of strength (left hand)
Scrolls
 b - 2 scrolls of teleportation {unknown}
 d - 3 scrolls of blinking
 i - a scroll of amnesia {unknown}
 j - a scroll of immolation {unknown}
 k - a scroll of fog {unknown}
 l - a scroll of enchant weapon {unknown}
 m - 2 scrolls of identify {unknown}
Potions
 o - a potion of curing {unknown}
Comestibles
 f - 5 rations
 n - 4 chunks of flesh


   Skills:
 - Level 6.2(5.8) Fighting
 * Level 2.7(2.4) Maces & Flails
 - Level 1.0(0.6) Throwing
 - Level 2.1(1.8) Dodging
 - Level 2.4(2.0) Spellcasting
 - Level 2.6(2.3) Translocations


You had 4 spell levels left.
You knew the following spells:

 Your Spells              Type           Power        Failure   Level  Hunger
a - Blink                 Tloc           N/A          88%         2    ###....
b - Shroud of Golubria    Chrm/Tloc      #.........   97%         2    ###....

Your spell library contained the following spells:

 Spells                   Type           Power        Failure   Level  Hunger
 Gell's Gravitas          Tloc           #.........   98%         3    ####...
 Lesser Beckoning         Tloc           #.........   98%         3    ####...
 Teleport Other           Tloc           #.......     98%         3    ####...
 Passage of Golubria      Tloc           N/A          100%        4    #####..


Dungeon Overview and Level Annotations

Branches:
Dungeon (2/15)

Altars:

Annotations:
D:2 Crazy Yiuf


Innate Abilities, Weirdness & Mutations

You are too large for most types of armour.
You have tough skin. (AC +1)


Message History

Crazy Yiuf is heavily wounded.
Crazy Yiuf hits you but does no damage.
You hit Crazy Yiuf.
Crazy Yiuf is heavily wounded.
Crazy Yiuf says, "Flower poople aubergine!"
Crazy Yiuf hits you with a +2 quarterstaff of chaos.
Crazy Yiuf freezes you.
You hit Crazy Yiuf but do no damage.
Crazy Yiuf is heavily wounded.
Crazy Yiuf hits you with a +2 quarterstaff of chaos.
You hit Crazy Yiuf.
Crazy Yiuf is severely wounded.
Crazy Yiuf hits you but does no damage.
You barely miss Crazy Yiuf.
Crazy Yiuf is severely wounded.
Crazy Yiuf barely misses you.
Crazy Yiuf hits you with a +2 quarterstaff of chaos!
* * * LOW HITPOINT WARNING * * *
You are electrocuted!!
You die...

#......# #............##.
#......# #....###'######.
#......# #....# #........
#.###### ###### #.######. #.#
#.## #. #.####### #..# #.
###.#...#.### ### #..## #.
#.....#P.#..##...# ##...# #.
#.....PP####@g...# #..#.####.
#...#.P## ###..)# #..#......
#.÷.#### ### #..#..###. #...#
#..#...... #.÷.# #..#......
#...################......#..
#....##..........##'#.###.#.(
#....##..........##.#.#......
#.....##..........##.#.#.##.#.


You could see Crazy Yiuf.

Vanquished Creatures
  Jessica (D:2)
  Terence (D:2)
  5 adders
  2 worms (D:2)
  2 leopard geckos (D:2)
  5 bats
  2 giant cockroaches (D:2)
  A goblin (D:1)
  8 hobgoblins
  4 jackals
  2 kobolds
  5 frilled lizards
  2 rats (D:2)
  A fungus (D:2)
41 creatures vanquished.

Notes
Turn   | Place    | Note
-------+----------+-------------------------------------------
     0 | D:1      | Dantiko the Ogre Warper began the quest for the Orb.
     0 | D:1      | Reached XP level 1. HP: 22/22 MP: 3/3
   170 | D:1      | Reached skill level 3 in Fighting
   172 | D:1      | Reached XP level 2. HP: 29/31 MP: 5/5
   527 | D:1      | Reached skill level 4 in Fighting
   527 | D:1      | Reached XP level 3. HP: 15/40 MP: 6/6
   807 | D:2      | Learned a level 2 spell: Blink
   810 | D:2      | Learned a level 2 spell: Shroud of Golubria
  1031 | D:2      | Noticed Jessica
  1039 | D:2      | Killed Jessica
  1039 | D:2      | Reached skill level 5 in Fighting
  1039 | D:2      | Reached XP level 4. HP: 50/50 MP: 7/7
  1245 | D:2      | Noticed Terence
  1266 | D:2      | Killed Terence
  1266 | D:2      | Reached skill level 6 in Fighting
  1481 | D:2      | Reached XP level 5. HP: 59/59 MP: 8/8
  1829 | D:2      | Found a runed translucent door.
  1830 | D:2      | Noticed Crazy Yiuf
  1877 | D:2      | Mangled by Crazy Yiuf

Vault maps used:
D:1:      shiori_arrival_elements
D:2:      uniq_crazy_yiuf_cottage, uniq_jessica, uniq_terence

Skill      XL: |  1  2  3  4 |
---------------+-------------+-----
Maces & Flails | 2 |  2.7
Fighting       | 3 4 5 6 |  6.2
Throwing       | |  1.0
Dodging        | |  2.1
Spellcasting   | |  2.4
Translocations | |  2.6

Action                   |  1- 3 |  4- 6 || total
-------------------------+-------+-------++-------
Melee: Mace              |    76 |   115 ||   191
  Use: Potion            |     1 |       ||     1
 Stab: Sleeping          |     4 |     2 ||     6
  Eat: Chunk             |       |     3 ||     3
Armor: Shadow dragon sca |   131 |   101 ||   232
Dodge: Dodged            |    22 |    25 ||    47

Table legend:
 A = Non-vault XP
 B = Vault XP
 C = Vault XP percentage of total XP
 D = Non-vault monster count
 E = Vault monster count
 F = Vault count percentage of total count
                 A         B        C        D         E       F
            +---------+---------+-------+---------+---------+-------
      Total |     131 |      73 |  35.8 |      38 |       2 |   5.0
            +---------+---------+-------+---------+---------+-------
        D:1 |      41 |       0 |   0.0 |      16 |       0 |   0.0
        D:2 |      90 |      73 |  44.8 |      22 |       2 |   8.3
            +---------+---------+-------+---------+---------+-------
